General information
- name: BNet
- type: Ladder team game (AT/RT)
- host: Battle.net
- saver: AwayRNLeaveAMsg
map: FullScaleAssault
- players: 8
- length: 12:07
- speed: Fast
- version: 1.27 W3XP
- replay type: Public
» download(104 KB)
Players
team 1 (winner)

»
A_shade (
teal | 110 APM | 1326 actions | 12:06)
4 Warden
2 Shadow Strike
2 Blink
1 Pandaren Brewmaster
1 Breath of Fire
» actions
| Assign group hotkey | 1 | |
| Basic commands | 90 | |
| Build / train | 59 | |
| Enter build submenu | 22 | |
| Enter hero's abilities submenu | 5 | |
| Give item / drop item | 3 | |
| Right click | 753 | |
| Select / deselect | 355 | |
| Use ability | 38 | |
1326 total
» units
| Wisp | 23 | |
| Archer | 9 | |
| Goblin Shredder | 2 | |
34 total
» upgrades
| Ultravision | 1 | |
| Strength of the Moon | 1 | |
| Improved Bows | 1 | |
| Strength of the Wild | 2 | |
| Druid of the Claw Training | 1 | |
| Abolish Magic | 1 | |
| Reinforced Hides | 1 | |
8 total
» buildings
| Altar of Elders | 1 | |
| Moon Well | 4 | |
| Ancient of War | 2 | |
| Ancient of Wonders | 1 | |
| Hunter's Hall | 1 | |
| Tree of Ages | 1 | |
| Tree of Life | 1 | |
| Ancient Protector | 5 | |
| Ancient of Wind | 1 | |
| Ancient of Lore | 3 | |
| Tree of Eternity | 2 | |
22 total
» build order
00:11 Altar of Elders
00:21 Moon Well
00:58 Ancient of War
01:17 Ancient of War
01:44 Moon Well
02:08 Moon Well
02:36 Ancient of Wonders
03:17 Moon Well
03:51 Hunter's Hall
06:02 Tree of Ages
07:17 Tree of Life
07:54 Ancient Protector
07:55 Ancient Protector
08:52 Ancient of Wind
08:58 Ancient of Lore
09:10 Ancient Protector
09:57 Ancient of Lore
10:10 Ancient of Lore
10:36 Tree of Eternity
11:42 Ancient Protector
11:43 Ancient Protector
» items
| Scroll of Town Portal | 2 | |
| Scroll of Regeneration | 1 | |
| Circlet of Nobility | 1 | |
| Tome of Retraining | 1 | |
5 total

»
SoCal.Anne (
purple | 86 APM | 1040 actions | 12:06)
4 Death Knight
2 Death Coil
2 Unholy Aura
» actions
| Assign group hotkey | 22 | |
| Build / train | 33 | |
| Enter build submenu | 14 | |
| Enter hero's abilities submenu | 5 | |
| Right click | 479 | |
| Select / deselect | 136 | |
| Select group hotkey | 303 | |
| Use ability | 48 | |
1040 total
» units
| Acolyte | 3 | |
| Ghoul | 4 | |
| Crypt Fiend | 6 | |
| Obsidian Statue | 2 | |
15 total
» upgrades
| Creature Attack | 3 | |
| Creature Carapace | 2 | |
| Web | 1 | |
6 total
» buildings
| Ziggurat | 5 | |
| Crypt | 1 | |
| Altar of Darkness | 1 | |
| Graveyard | 1 | |
| Tomb of Relics | 1 | |
| Nerubian Tower | 1 | |
| Halls of the Dead | 1 | |
| Spirit Tower | 1 | |
| Black Citadel | 1 | |
| Slaughterhouse | 1 | |
| Sacrificial Pit | 1 | |
| Boneyard | 2 | |
17 total
» build order
00:17 Ziggurat
00:20 Crypt
01:07 Altar of Darkness
01:23 Graveyard
01:38 Tomb of Relics
01:56 Ziggurat
03:53 Nerubian Tower
03:58 Ziggurat
05:36 Halls of the Dead
07:13 Spirit Tower
07:17 Ziggurat
08:55 Black Citadel
09:02 Slaughterhouse
09:05 Ziggurat
10:56 Sacrificial Pit
11:49 Boneyard
11:50 Boneyard
» items
| Rod of Necromancy | 1 | |
| Scroll of Town Portal | 1 | |
| Circlet of Nobility | 1 | |
3 total
lara (
yellow | 89 APM | 1080 actions | 12:06)
3 Blood Mage
2 Flame Strike
1 Siphon Mana
» actions
| Assign group hotkey | 9 | |
| Basic commands | 20 | |
| Build / train | 53 | |
| ESC pressed | 1 | |
| Enter build submenu | 34 | |
| Enter hero's abilities submenu | 3 | |
| Right click | 489 | |
| Select / deselect | 222 | |
| Select group hotkey | 193 | |
| Use ability | 56 | |
1080 total
» units
» upgrades
| Lumber Harvesting | 1 | |
| Fragmentation Shards | 1 | |
2 total
» buildings
| Altar of Kings | 1 | |
| Farm | 12 | |
| Lumber Mill | 1 | |
| Scout Tower | 11 | |
| Arcane Tower | 6 | |
| Arcane Vault | 1 | |
| Town Hall | 1 | |
| Keep | 2 | |
| Guard Tower | 6 | |
| Castle | 2 | |
| Blacksmith | 1 | |
| Barracks | 2 | |
| Workshop | 2 | |
48 total
» build order
00:06 Altar of Kings
00:19 Farm
01:13 Lumber Mill
01:28 Scout Tower
01:35 Farm
01:46 Arcane Tower
02:26 Farm
02:29 Farm
03:06 Arcane Vault
03:17 Farm
04:24 Town Hall
04:31 Scout Tower
04:32 Scout Tower
04:40 Keep
04:51 Farm
05:06 Arcane Tower
05:07 Guard Tower
05:07 Guard Tower
05:29 Scout Tower
05:33 Scout Tower
05:50 Farm
05:52 Farm
05:57 Guard Tower
06:00 Guard Tower
06:58 Farm
07:05 Castle
07:32 Scout Tower
07:46 Guard Tower
08:06 Blacksmith
08:08 Barracks
08:56 Scout Tower
08:57 Scout Tower
08:59 Scout Tower
09:16 Barracks
09:18 Workshop
09:19 Workshop
09:23 Guard Tower
09:24 Scout Tower
09:34 Farm
10:02 Arcane Tower
10:02 Arcane Tower
10:03 Arcane Tower
10:03 Arcane Tower
11:48 Farm
11:49 Farm
11:57 Scout Tower
» items
| Boots of Speed | 1 | |
| Staff of Teleportation | 1 | |
| Potion of Healing | 2 | |
4 total
AwayRNLeaveAMsg (
blue | 56 APM | 683 actions | 12:07)
4 Blood Mage
2 Flame Strike
2 Siphon Mana
» actions
| Assign group hotkey | 14 | |
| Basic commands | 29 | |
| Build / train | 44 | |
| Enter build submenu | 37 | |
| Enter hero's abilities submenu | 4 | |
| Give item / drop item | 4 | |
| Right click | 246 | |
| Select / deselect | 178 | |
| Select group hotkey | 62 | |
| Use ability | 65 | |
683 total
» units
| Peasant | 13 | |
| Footman | 4 | |
| Goblin Shredder | 1 | |
| Sorceress | 2 | |
20 total
» upgrades
| Masonry | 3 | |
| Sorceress Training | 1 | |
4 total
» buildings
| Altar of Kings | 1 | |
| Barracks | 1 | |
| Farm | 7 | |
| Scout Tower | 17 | |
| Arcane Tower | 1 | |
| Lumber Mill | 1 | |
| Arcane Vault | 1 | |
| Keep | 1 | |
| Town Hall | 1 | |
| Guard Tower | 3 | |
| Arcane Sanctum | 1 | |
| Castle | 1 | |
| Gryphon Aviary | 4 | |
| Blacksmith | 2 | |
42 total
» build order
00:36 Altar of Kings
00:36 Barracks
00:50 Farm
00:53 Farm
01:05 Farm
01:43 Scout Tower
02:00 Farm
02:14 Arcane Tower
03:06 Lumber Mill
03:31 Arcane Vault
04:13 Keep
04:26 Town Hall
04:29 Scout Tower
04:30 Scout Tower
04:33 Scout Tower
04:37 Scout Tower
05:53 Guard Tower
06:37 Arcane Sanctum
07:53 Guard Tower
07:54 Scout Tower
07:56 Scout Tower
07:58 Scout Tower
08:01 Scout Tower
08:02 Scout Tower
08:11 Scout Tower
08:12 Scout Tower
08:13 Scout Tower
08:13 Scout Tower
08:14 Scout Tower
08:15 Scout Tower
08:17 Scout Tower
08:19 Castle
09:04 Guard Tower
10:43 Gryphon Aviary
10:44 Gryphon Aviary
10:45 Gryphon Aviary
11:02 Farm
11:02 Farm
11:03 Farm
11:41 Blacksmith
11:43 Blacksmith
» items
| Scroll of Regeneration | 2 | |
| Mechanical Critter | 1 | |
| Potion of Invisibility | 3 | |
| Periapt of Vitality | 1 | |
| Staff of Teleportation | 1 | |
| Potion of Lesser Invulnerability | 1 | |
9 total
team 2 (loser)

»
IconicPenguin2 (
green | 67 APM | 807 actions | 12:06)
3 Archmage
2 Summon Water Elemental
1 Brilliance Aura
1 Mountain King
1 Storm Bolt
» actions
| Assign group hotkey | 11 | |
| Basic commands | 68 | |
| Build / train | 56 | |
| Enter build submenu | 25 | |
| Enter hero's abilities submenu | 4 | |
| Right click | 307 | |
| Select / deselect | 204 | |
| Select group hotkey | 88 | |
| Use ability | 44 | |
807 total
» units
| Peasant | 20 | |
| Rifleman | 9 | |
| Mortar Team | 1 | |
30 total
» upgrades
| Masonry | 1 | |
| Gunpowder | 2 | |
| Flare | 1 | |
| Fragmentation Shards | 1 | |
5 total
» buildings
| Farm | 9 | |
| Blacksmith | 1 | |
| Barracks | 1 | |
| Altar of Kings | 1 | |
| Scout Tower | 6 | |
| Arcane Tower | 2 | |
| Lumber Mill | 1 | |
| Town Hall | 1 | |
| Keep | 1 | |
| Guard Tower | 4 | |
| Arcane Vault | 2 | |
| Castle | 1 | |
| Workshop | 3 | |
33 total
» build order
00:51 Farm
01:08 Blacksmith
01:10 Barracks
01:21 Altar of Kings
01:26 Farm
01:58 Farm
02:19 Scout Tower
02:21 Farm
02:52 Arcane Tower
04:36 Lumber Mill
05:28 Town Hall
05:32 Scout Tower
05:34 Farm
05:39 Keep
05:51 Scout Tower
05:54 Farm
06:56 Arcane Tower
06:57 Guard Tower
06:58 Scout Tower
08:49 Guard Tower
08:54 Scout Tower
08:56 Farm
09:00 Arcane Vault
09:06 Castle
09:08 Workshop
09:10 Workshop
09:16 Workshop
09:23 Guard Tower
09:25 Scout Tower
09:30 Arcane Vault
10:00 Guard Tower
10:10 Farm
10:19 Farm
» items
| Scroll of Town Portal | 1 | |
| Potion of Lesser Invulnerability | 1 | |
| Scroll of Regeneration | 1 | |
| Lesser Clarity Potion | 1 | |
| Potion of Healing | 1 | |
5 total
CHRONICtOKE (
red | 46 APM | 555 actions | 12:06)
2 Death Knight
1 Death Coil
1 Unholy Aura
1 Lich
1 Frost Nova
» actions
| Assign group hotkey | 18 | |
| Build / train | 30 | |
| Enter build submenu | 15 | |
| Enter hero's abilities submenu | 3 | |
| Right click | 266 | |
| Select / deselect | 117 | |
| Select group hotkey | 73 | |
| Use ability | 33 | |
555 total
» units
» buildings
| Crypt | 2 | |
| Ziggurat | 4 | |
| Altar of Darkness | 1 | |
| Tomb of Relics | 1 | |
| Halls of the Dead | 1 | |
| Black Citadel | 1 | |
| Nerubian Tower | 1 | |
| Graveyard | 1 | |
| Necropolis | 1 | |
| Sacrificial Pit | 1 | |
| Spirit Tower | 1 | |
| Boneyard | 1 | |
16 total
» build order
00:58 Crypt
01:01 Crypt
01:05 Ziggurat
01:08 Altar of Darkness
02:17 Ziggurat
02:24 Tomb of Relics
03:59 Ziggurat
04:37 Halls of the Dead
06:59 Black Citadel
07:25 Nerubian Tower
08:30 Graveyard
09:18 Necropolis
10:59 Sacrificial Pit
11:25 Spirit Tower
11:30 Ziggurat
12:03 Boneyard
» items
| Rod of Necromancy | 3 | |
| Potion of Mana | 1 | |
| Orb of Corruption | 1 | |
5 total
Wrath_Hobo (
orange | 42 APM | 505 actions | 12:06)
3 Priestess of the Moon
2 Trueshot Aura
1 Scout
» actions
| Assign group hotkey | 9 | |
| Build / train | 46 | |
| Enter build submenu | 12 | |
| Enter hero's abilities submenu | 3 | |
| Right click | 176 | |
| Select / deselect | 187 | |
| Select group hotkey | 53 | |
| Use ability | 19 | |
505 total
» units
| Wisp | 18 | |
| Archer | 4 | |
| Huntress | 6 | |
| Goblin Zeppelin | 1 | |
| Druid of the Claw | 2 | |
31 total
» upgrades
| Strength of the Moon | 1 | |
| Moon Armor | 1 | |
| Strength of the Wild | 2 | |
| Reinforced Hides | 1 | |
| Druid of the Claw Training | 1 | |
| Abolish Magic | 1 | |
7 total
» buildings
| Altar of Elders | 1 | |
| Moon Well | 5 | |
| Ancient of War | 2 | |
| Hunter's Hall | 1 | |
| Ancient of Wonders | 1 | |
| Tree of Ages | 1 | |
| Ancient of Lore | 2 | |
| Tree of Eternity | 1 | |
| Tree of Life | 1 | |
15 total
» build order
00:19 Altar of Elders
00:23 Moon Well
01:03 Ancient of War
01:58 Moon Well
02:57 Hunter's Hall
03:02 Moon Well
03:49 Ancient of War
04:35 Ancient of Wonders
05:28 Tree of Ages
08:02 Ancient of Lore
08:10 Ancient of Lore
09:38 Tree of Eternity
10:20 Moon Well
10:21 Moon Well
10:44 Tree of Life
» items
| Circlet of Nobility | 1 | |
| Moonstone | 1 | |
2 total
ScottiePippen (
pink | 39 APM | 472 actions | 12:06)
3 Dreadlord
2 Sleep
1 Vampiric Aura
1 Death Knight
1 Death Coil
» actions
| Build / train | 67 | |
| Enter build submenu | 22 | |
| Enter hero's abilities submenu | 4 | |
| Give item / drop item | 7 | |
| Right click | 186 | |
| Select / deselect | 138 | |
| Use ability | 48 | |
472 total
» units
| Acolyte | 16 | |
| Crypt Fiend | 23 | |
| Goblin Shredder | 3 | |
42 total
» upgrades
» buildings
| Graveyard | 1 | |
| Crypt | 1 | |
| Altar of Darkness | 1 | |
| Ziggurat | 13 | |
| Tomb of Relics | 1 | |
| Necropolis | 2 | |
| Halls of the Dead | 1 | |
| Spirit Tower | 3 | |
| Black Citadel | 1 | |
| Sacrificial Pit | 1 | |
25 total
» build order
00:09 Graveyard
00:52 Crypt
00:55 Altar of Darkness
01:03 Ziggurat
01:16 Ziggurat
01:21 Tomb of Relics
03:41 Necropolis
04:00 Necropolis
06:39 Halls of the Dead
06:58 Ziggurat
07:23 Ziggurat
07:25 Ziggurat
07:27 Ziggurat
08:09 Spirit Tower
08:25 Ziggurat
08:27 Ziggurat
08:31 Spirit Tower
08:37 Spirit Tower
09:07 Black Citadel
09:55 Sacrificial Pit
11:45 Ziggurat
11:48 Ziggurat
11:51 Ziggurat
11:55 Ziggurat
11:57 Ziggurat
» items
Chat log
(05:31 / Allies) AwayRNLeaveAMsg: gop;d
(05:34 / Allies) AwayRNLeaveAMsg: gold
(09:32 / All) AwayRNLeaveAMsg: nice mh
(09:38 / All) CHRONICtOKE: ur retarded
(09:39 / All) CHRONICtOKE: but ok
(09:42 / All) AwayRNLeaveAMsg: nice mh
(09:50 / All) AwayRNLeaveAMsg: why you hanging out by your mine when I go there bud?
(09:50 / All) CHRONICtOKE: i dont need mh for u kid
(09:53 / All) AwayRNLeaveAMsg: and instant react?
(09:56 / Allies) SoCal.Anne: god i hate that red guy
(09:58 / All) AwayRNLeaveAMsg: then why u use it
(10:04 / All) CHRONICtOKE: oh so since im alrdy here hanging out IM MHING
(10:09 / All) CHRONICtOKE: u sound retarded kid
(10:15 / All) AwayRNLeaveAMsg: lol you mh
(10:16 / All) AwayRNLeaveAMsg: don't lie
(10:24 / All) Wrath_Hobo: Only maphackers
(10:26 / All) CHRONICtOKE: SINCE I DONT LEAVE MY BASE I MAPHACK
(10:30 / All) AwayRNLeaveAMsg: watch replay retardo
(10:31 / All) CHRONICtOKE: UR A FUCKIN SCRTUB
(10:44 / Allies) SoCal.Anne: dont fight them blue
(10:45 / Allies) SoCal.Anne: focus
(10:48 / All) CHRONICtOKE: IM SURE U ACCUSE ALL TO HELP U SLEEP SCRUB
(10:53 / Allies) AwayRNLeaveAMsg: I got dhawk
(11:01 / All) CHRONICtOKE: NEWS FLASH
(11:03 / All) CHRONICtOKE: U FUCKIN SUCK
(12:06 / Allies) AwayRNLeaveAMsg: me?